 Dungeon Crawl Stone Soup version 0.31-a0-844-gdc52ec4e09 (webtiles) character file.

Game seed: 5132990318317845241

691 kae the Shield-Bearer (level 7, 0/52 HPs)
             Began as a Formicid Fighter on Sept 29, 2023.
             Slain by an ogre
             ... wielding a +0 giant spiked club
              (19 damage)
             ... on level 4 of the Dungeon.
             The game lasted 00:02:17 (3478 turns).

kae the Shield-Bearer (Formicid Fighter)            Turns: 3478, Time: 00:02:17

Health: 0/52       AC:  6    Str: 22    XL:     7   Next: 95%
Magic:  7/7        EV:  8    Int:  8    God:
Gold:   48         SH: 10    Dex: 13    Spells: 6/6 levels left

rFire   . . .        a - +0 flail
rCold   . . .        t - +0 kite shield
rNeg    . . .        b - +0 scale mail
rPois   .            (helmet unavailable)
rElec   .            (no cloak)
rCorr   .            (no gloves)
SInv    +            (no boots)
Will    .....        (no amulet) Stlth
                     (no ring)
HPRegen 0.28/turn    (no ring)
MPRegen 0.10/turn

%: no passive effects
@: no status effects
A: permanent stasis, dig shafts and tunnels, antennae 3, four strong arms
a: Dig, Shaft Self


You were on level 4 of the Dungeon.
You visited 1 branch of the dungeon, and saw 4 of its levels.

You collected 163 gold pieces.
You spent 115 gold pieces at shops.


Innate Abilities, Weirdness & Mutations

You cannot be hasted, slowed, berserked, paralysed or teleported.
You can dig through walls and to a lower floor.
You have a pair of large antennae on your head. (SInv)
Your four strong arms can wield two-handed weapons with a shield.


   Skills:
 - Level 3.2 Fighting
 * Level 7.0 Maces & Flails
 - Level 3.2 Armour
 + Level 7.1 Shields


You had 6 spell levels left.
You didn't know any spells.
Your spell library contained the following spells:

 Spells                   Type           Power      Damage    Failure   Level
 Cigotuvi's Dreadful Rot  Necr/Pois/Air  0%         N/A       98%         2
 Dispel Undead            Necr           0%         3d6       100%        4
 Death Channel            Necr           0%         N/A       100%        6

Inventory:

Hand Weapons
 a - a +0 flail (weapon)
Missiles
 h - 20 stones
Armour
 b - a +0 scale mail (worn)
 c - a +0 buckler
 t - a +0 kite shield (worn)
   (You found it on level 2 of the Dungeon)
Magical Staves
 o - a staff of earth {!a}
   (You found it on level 2 of the Dungeon)
 u - a staff of fire {!a}
   (You found it on level 2 of the Dungeon)
Jewellery
 v - a ring of see invisible
   (You found it on level 1 of the Dungeon)
 D - a +6 ring of dexterity
   (You found it on level 3 of the Dungeon)
 S - a +6 ring of strength
   (You found it on level 2 of the Dungeon)
Wands
 x - a wand of polymorph (13)
   (You found it on level 3 of the Dungeon)
Scrolls
 f - 4 scrolls of noise {unknown}
 i - 3 scrolls of fear {unknown}
 j - a scroll of blinking {unknown}
 k - a scroll of enchant weapon {unknown}
 l - a scroll of vulnerability {unknown}
 n - 5 scrolls of identify {@r1}
 p - a scroll of enchant armour {unknown}
 r - a scroll of torment {unknown}
 s - a scroll of fog {unknown}
 w - 2 scrolls of revelation
Potions
 d - 2 potions of might
 e - a potion of brilliance {unknown}

Dungeon Overview and Level Annotations

Branches:
Dungeon (4/15) Zot: 20444
 Temple: D:4-7

Altars:
Elyvilon
Hepliaklqana
The Shining One

Shops:
D:3

?! ..... .... .... {
.###### ##### ....... #...+
.. .#############
####.###....
.#.#..#%.#...###..#........
.#.##.##...###......###....
.#..#....###....@.#.# ..
.##....###......#O#.#
.#)†.###......###g#.#
.#†###......###...#)#
.#'#......###g.g###........
.#......###...###.#....####
.##......##..##...#....#
.###......##....# #....#
.#.##......##.g## #....#


You could see an ogre and a gnoll.


Message History

You closely miss the iguana. You block the iguana's attack. x2
You barely miss the iguana.
The iguana hisses menacingly.
The iguana completely misses you. 😕 HP[+1]
You thump the iguana!
You kill the iguana!
Your Maces & Flails skill increases to level 7!
No target in view!
Things that are here:
an iguana corpse; a quokka corpse; a howler monkey corpse No target in view!
No target in view!
h - 19 stones (gained 3)
You see here a +0 dagger. 😕 HP[+1]
You see here a hobgoblin corpse.
z - a metallic grey potion 😎 HP[+11]
Your hp is fully restored (52).
You see here a hobgoblin corpse.
Things that are here:
an iguana corpse; a quokka corpse; a howler monkey corpse
There is an open door here.
Key pressed, stopping explore.
No target in view!
No target in view!
A kobold comes into view. It is wielding a +0 short sword.
The kobold shouts!
The kobold throws a stone.
The stone hits you but does no damage.
A kobold is nearby!
A kobold is nearby!
The kobold throws a stone.
The stone hits you.
You hit the kobold. The kobold hits you but does no damage.
You closely miss the kobold.
The kobold hits you with a +0 short sword.
You closely miss the kobold.
The kobold hits you with a +0 short sword. 😕 HP[-1]
You take 1 damage, and now have 51/52 hp.
You hit the kobold.
You kill the kobold!
No target in view!
h - 20 stones (gained 1)
You see here a +0 short sword.
You open the door.
There is an open door here.
A gnoll and an ogre come into view.
The gnoll shouts!
The ogre shouts! 😎 HP[+1]
Your hp is fully restored (52).
The gnoll hits you with a +0 spear.
There are monsters nearby! 😕 HP[-4]
You take 4 damage, and now have 48/52 hp.
There are monsters nearby!
You hit the gnoll. The gnoll hits you with a +0 spear.
You hit the gnoll. The gnoll hits you with a +0 spear.
You block the ogre's attack. 😕 HP[-7]
You take 7 damage, and now have 41/52 hp.
There are monsters nearby!
You hit the gnoll but do no damage. The gnoll closely misses you.
You hit the gnoll.
The ogre hits you with a +0 giant spiked club!!
* * * LOW HITPOINT WARNING * * *
The gnoll hits you with a +0 spear.
* * * LOW HITPOINT WARNING * * *
😨 HP[-22]
You take 22 damage, and now have 19/52 hp.
MASSIVE DAMAGE!! (PAUSE)
The gnoll hits you but does no damage. The ogre attacks as it pursues you!
The ogre barely misses you.
Okay, then.
Okay, then. 😨 HP[+1]
The ogre attacks as it pursues you! You block the ogre's attack.
Okay, then.
There is an open door here. 😨 HP[+1] It was a potion of haste.
Your stasis prevents you from being hasted.
The ogre attacks as it pursues you! You block the ogre's attack.
It was a potion of resistance.
You feel protected.
You block the ogre's attack. 😨 HP[+1] It was a potion of cancellation.
Your magical effects are unravelling.
You feel magically purged.
Your resistance to elements expires.
The gnoll hits you from afar with a +0 spear.
* * * LOW HITPOINT WARNING * * *
😨 HP[-3]
You take 3 damage, and now have 19/52 hp.
Unknown command.
It was a potion of magic.
Magic courses through your body. You block the gnoll's attack.
The ogre hits you with a +0 giant spiked club!!
You die...

Skill      XL: |  1  2  3  4  5  6  7 |
---------------+----------------------+-----
Maces & Flails | 3 5 6 7 |  7.0
Shields        | 5 6 7 |  7.1
Fighting       | |  3.2
Armour         | |  3.2

Action                     |  1- 3 |  4- 6 |  7- 9 || total
---------------------------+-------+-------+-------++-------
  Melee: Flail             |   124 |   126 |    47 ||   297
Ability: Dig               |       |     1 |       ||     1
    Use: Potion            |       |       |     4 ||     4
 Armour: Scale mail        |    77 |   112 |    43 ||   232
  Dodge: Dodged            |    50 |    54 |    16 ||   120
  Block: Buckler           |    27 |       |       ||    27
         Kite shield       |     4 |    78 |    45 ||   127

Levels and vault maps discovered:
D:1:      ldierk_walled_garden_2, layout_loops_corners
D:2:      layout_basic, small_statue_intersection, minmay_domino_2
D:3:      layout_loops_ring, nicolae_hepliaklqana_hippocampus,
          mainiacjoe_overflow_divided_tiny, serial_shops,
          nicolae_shop_tiny_glass, shop, uniq_grinder, uniq_sigmund
D:4:      minmay_razor_zed, layout_basic

Notes
Turn   | Place    | Note
-------+----------+-------------------------------------------
     0 | D:1      | kae the Formicid Fighter began the quest for the Orb.
     0 | D:1      | Reached XP level 1. HP: 18/18 MP: 1/1
     0 | D:1      | magus.rc [v1.11.3]
   166 | D:1      | Reached XP level 2. HP: 24/24 MP: 2/2
   237 | D:1      | Reached skill level 3 in Maces & Flails
   473 | D:1      | Reached XP level 3. HP: 28/29 MP: 3/3
  1332 | D:2      | Reached XP level 4. HP: 26/35 MP: 4/4
  1402 | D:2      | You pick up a book of Decay and begin reading...
  1402 | D:2      | You add the spells Cigotuvi's Dreadful Rot, Dispel Undead
                  | and Death Channel to your library.
  1689 | D:3      | Noticed Sigmund
  1740 | D:3      | HP: 7/35 [Sigmund/magic dart (5)]
  1740 | D:3      | HP: 1/35 [Sigmund/magic dart (6)]
  1741 | D:3      | Killed Sigmund
  1742 | D:3      | Reached skill level 5 in Maces & Flails
  1742 | D:3      | Reached skill level 5 in Shields
  1742 | D:3      | Reached XP level 5. HP: 2/41 MP: 5/5
  1742 | D:3      | Reached XP level 6. HP: 2/47 MP: 6/6
  1953 | D:3      | Noticed Grinder
  2211 | D:3      | Found a white marble altar of Elyvilon.
  2211 | D:3      | Found a glowing golden altar of the Shining One.
  2375 | D:3      | Found Agikhlo's Magic Scroll Shoppe.
  2386 | D:3      | Bought a scroll of identify for 20 gold pieces
  2386 | D:3      | Bought a scroll of identify for 20 gold pieces
  2386 | D:3      | Bought a scroll of revelation for 75 gold pieces
  2465 | D:3      | Found a hazy altar of Hepliaklqana.
  2519 | D:3      | Found Merigh's Distillery.
  2816 | D:3      | HP: 11/47 [hound (4)]
  2823 | D:3      | Reached skill level 6 in Shields
  2986 | D:4      | Killed Grinder
  2987 | D:4      | Reached skill level 6 in Maces & Flails
  2987 | D:4      | Reached XP level 7. HP: 45/52 MP: 7/7
  3352 | D:4      | Reached skill level 7 in Shields
  3358 | D:4      | Reached skill level 7 in Maces & Flails
  3478 | D:4      | Slain by an ogre

Vanquished Creatures
  Grinder (D:4)
  Sigmund (D:3)
  A scorpion (D:4)
  A howler monkey (D:4)
  2 hounds (D:3)
  2 iguanas (D:4)
  3 adders
  An ufetubus (D:4)
  A worm (D:2)
  2 dart slugs (D:1)
  An orc (D:3)
  6 endoplasms
  4 giant cockroaches
  8 goblins
  6 hobgoblins
  7 jackals (D:3)
  4 quokkas
  8 ball pythons
  7 bats
  2 frilled lizards
  6 kobolds
  4 rats
78 creatures vanquished.

Table legend:
 A = Non-vault XP
 B = Vault XP
 C = Vault XP percentage of total XP
 D = Non-vault monster count
 E = Vault monster count
 F = Vault count percentage of total count
                 A         B        C        D         E       F
            +---------+---------+-------+---------+---------+-------
      Total |     294 |     694 |  70.2 |      68 |      10 |  12.8
            +---------+---------+-------+---------+---------+-------
        D:1 |      51 |       0 |   0.0 |      28 |       0 |   0.0
        D:2 |      34 |       0 |   0.0 |      11 |       0 |   0.0
        D:3 |     148 |     226 |  60.4 |      26 |       1 |   3.7
        D:4 |      61 |     468 |  88.5 |       3 |       9 |  75.0
            +---------+---------+-------+---------+---------+-------

Skill      XL: |  1  2  3  4  5  6  7 |
---------------+----------------------+-----
Maces & Flails | 3 5 6 7 |  7.0
Shields        | 5 6 7 |  7.1
Fighting       | |  3.2
Armour         | |  3.2

Action                     |  1- 3 |  4- 6 |  7- 9 || total
---------------------------+-------+-------+-------++-------
  Melee: Flail             |   124 |   126 |    47 ||   297
Ability: Dig               |       |     1 |       ||     1
    Use: Potion            |       |       |     4 ||     4
 Armour: Scale mail        |    77 |   112 |    43 ||   232
  Dodge: Dodged            |    50 |    54 |    16 ||   120
  Block: Buckler           |    27 |       |       ||    27
         Kite shield       |     4 |    78 |    45 ||   127

Illustrated notes

Table legend:
 A = Kills in this place as a percentage of kills in the entire game.
 B = Kills by you in this place as a percentage of kills by you in the entire game.
 C = Kills by friends in this place as a percentage of kills by friends in the entire game.
 D = Other kills in this place as a percentage of other kills in the entire game.
 E = Experience gained in this place as a percentage of experience gained in the entire game.
 F = Experience gained in this place divided by the number of levels of this place that you have seen.
                   A       B       C       D       E      F
               +-------+-------+-------+-------+-------+----------------------
         Total | 100.0 | 100.0 |   N/A |   N/A | 100.0 | 247.0
       Dungeon | 100.0 | 100.0 |   N/A |   N/A | 100.0 | 247.0
               +-------+-------+-------+-------+-------+----------------------

Table legend: (Time is in decaauts)
 A = Elapsed time spent in this place.
 B = Non-inter-level travel time spent in this place.
 C = Inter-level travel time spent in this place.
 D = Time resting spent in this place.
 E = Time spent auto-exploring this place.
 F = Levels seen in this place.
 G = Mean time per level.
                   A        B        C        D        E       F      G
               +--------+--------+--------+--------+--------+-----+--------+
         Total |   3554 |   3509 |     45 |    329 |   2489 |   4 |  888.5 |
       Dungeon |   3554 |   3509 |     45 |    329 |   2489 |   4 |  888.5 |
               +--------+--------+--------+--------+--------+-----+--------+

Top non-repeatable levels by time:
     D:3: 1235 daAuts
     D:1: 957 daAuts
     D:2: 804 daAuts
     D:4: 557 daAuts
